 Dungeon Crawl Stone Soup version 0.28-a0-863-g8cecda6153 (webtiles) character file.

Game seed: 12448314464053661585

118595 Turgor the Warrior (level 17, -3/131 HPs)
             Began as a Djinni Fire Elementalist on Nov 17, 2021.
             Was the Champion of Makhleb.
             Killed from afar by a thorn hunter (16 damage)
             ... with a volley of thorns
             ... on level 3 of the Swamp on Nov 19, 2021.
             The game lasted 05:02:37 (28877 turns).

Turgor the Warrior (Djinni Fire Elementalist)      Turns: 28877, Time: 05:02:38

Health: -3/131     AC: 15    Str: 10    XL:     17   Next: 32%
Gold:   791        EV: 21    Int: 26    God:    Makhleb [******] SH:  0 Dex: 26

rFire   + + .      SeeInvis .   p - +6 quarterstaff of Growth {vorpal, +Blink rElec rC+ Int-3}
rCold   + . .      Faith    +   (shield currently unavailable)
rNeg    . . .      Spirit   .   a - +0 troll leather armour
rPois   ∞          Reflect  .   Q - +0 helmet
rElec   +          Harm     .   n - +0 cloak of the Enchanted Forest {rPois Int+2 Dex+4}
rCorr   .          Rampage  .   F - +2 pair of gloves of Disguise {Int+3}
Will    +....                   (boots unavailable)
Stlth   ++........              b - amulet of faith
HPRegen 1.31/turn               s - ring "Raek" {Drain rC+ AC+4 Int+5}
MPRegen 0.00/turn               D - +6 ring of dexterity

@: flying, studying Unarmed Combat
A: sickness immunity, fire resistance 2, cold vulnerability 1, float, innate
caster, hp casting, extra vitality 1
a: Renounce Religion, Evoke Blink, Minor Destruction, Lesser Servant of Makhleb,
Major Destruction, Greater Servant of Makhleb


You were on level 3 of the Swamp.
You worshipped Makhleb.
Makhleb was exalted by your worship.
You visited 5 branches of the dungeon, and saw 26 of its levels.
You visited 1 bazaar.
You also visited: Ice Cave.

You collected 2652 gold pieces.
You spent 1861 gold pieces at shops.

Inventory:

Hand Weapons
 m - the +4 hand axe "Elops" {vorpal, rC- rN+++ Str+4 Dex-3}
   (You found it on level 11 of the Dungeon)

   It inflicts extra damage upon your enemies.
   Str:       It affects your strength (+4).
   Dex:       It affects your dexterity (-3).
   rC:        It makes you vulnerable to cold.
   rN:        It renders you almost immune to negative energy.
 p - the +6 quarterstaff of Growth (weapon) {vorpal, +Blink rElec rC+ Int-3}
   (You found it on level 4 of the Dungeon)

   It inflicts extra damage upon your enemies.
   Int:       It affects your intelligence (-3).
   rC:        It protects you from cold.
   rElec:     It insulates you from electricity.
   +Blink:    It lets you blink.
 P - the +6 hunting sling of the Shark {flame, +Blink rF+ rC+ Stlth-}
   (You found it on level 9 of the Dungeon)

   Any ammunition fired from it burns those it strikes, dealing additional fire
   damage.
   rF:        It protects you from fire.
   rC:        It protects you from cold.
   +Blink:    It lets you blink.
   Stlth:     It makes you less stealthy.
Missiles
 c - 566 stones
 e - 18 poisoned darts
 u - 50 sling bullets
 J - a throwing net
 W - 3 silver javelins
 X - 6 curare-tipped darts (quivered)
Armour
 a - a +0 troll leather armour (worn)
 n - the +0 cloak of the Enchanted Forest (worn) {rPois Int+2 Dex+4}
   (You bought it in a shop on level 2 of the Orcish Mines)

   Int:       It affects your intelligence (+2).
   Dex:       It affects your dexterity (+4).
   rPois:     It protects you from poison.
 F - the +2 pair of gloves of Disguise (worn) {Int+3}
   (You found it on level 8 of the Dungeon)

   Int:       It affects your intelligence (+3).
 H - a +0 buckler of fire resistance
 Q - a +0 helmet (worn)
Jewellery
 b - an amulet of faith (around neck)
 s - the ring "Raek" (left hand) {Drain rC+ AC+4 Int+5}
   (You found it on level 4 of the Dungeon)

   [ring of protection]

   AC:        It affects your AC (+4).
   Int:       It affects your intelligence (+5).
   rC:        It protects you from cold.
   Drain:     It drains your maximum health when unequipped.
 w - a +4 ring of slaying
 D - a +6 ring of dexterity (right hand)
 E - a ring of ice
 G - a ring of resist corrosion
Wands
 z - a wand of charming (26)
 C - a wand of acid (3)
 M - a wand of flame (40)
 N - a wand of paralysis (21)
 R - a wand of digging (6)
Scrolls
 d - a scroll of brand weapon
 g - 5 scrolls of teleportation
 h - 6 scrolls of enchant armour
 j - 3 scrolls of fog
 o - 6 scrolls of enchant weapon
 t - 4 scrolls of magic mapping
 y - 4 scrolls of immolation
 B - 5 scrolls of blinking
 K - 2 scrolls of vulnerability
 L - a scroll of holy word
 S - a scroll of silence {unknown}
 U - 2 scrolls of fear
 Z - a scroll of identify
Potions
 f - 3 potions of lignification
 i - 5 potions of curing
 k - 4 potions of attraction
 l - 5 potions of mutation
 q - 2 potions of invisibility
 r - 2 potions of brilliance
 v - 5 potions of haste
 x - 3 potions of heal wounds
 A - 3 potions of cancellation
 I - 3 potions of might
 T - 3 potions of ambrosia
 V - 2 potions of berserk rage
 Y - 2 potions of resistance
Miscellaneous
 O - a condenser vane


   Skills:
 * Level 15.1 Fighting
 + Level 9.1 Staves
 + Level 8.0 Slings
 + Level 8.9 Armour
 + Level 10.7 Dodging
 - Level 1.5 Stealth
 * Level 13.2 Spellcasting
 - Level 7.0 Evocations


You couldn't memorise any spells.
You knew the following spells:

 Your Spells              Type           Power      Damage    Failure   Level
a - Foxfire               Conj/Fire      100%       2x1d9     1%          1
b - Scorch                Fire           100%       2d10      1%          2
c - Conjure Flame         Conj/Fire      72%        6-21      1%          3
d - Inner Flame           Hex/Fire       72%        N/A       1%          3
e - Flame Wave            Conj/Fire      72%        3d12      1%          4
f - Sandblast             Erth           100%       2d20      1%          1
g - Poisonous Vapours     Pois/Air       100%       N/A       1%          2
h - Call Imp              Summ           72%        N/A       1%          2
i - Passage of Golubria   Tloc           72%        N/A       1%          4
j - Ice Form              Ice/Tmut       72%        N/A       1%          4
k - Summon Forest         Summ/Tloc      36%        N/A       1%          5
l - Starburst             Conj/Fire      36%        6d11      2%          6
m - Malign Gateway        Summ/Tloc      36%        N/A       16%         7
Your spell library was empty.

Dungeon Overview and Level Annotations

Branches:
Dungeon (14/15)            Temple (1/1) D:7            Lair (6/6) D:10
  Swamp (3/4) Lair:2        Snake (0/4) Lair:3        Slime (0/5) Lair:5
    Orc (2/2) D:10            Elf (0/3) Orc:2         IceCv (visited)
 Vaults: D:13-14

Altars:
Ashenzari
Cheibriados
Dithmenos
Elyvilon
Fedhas
Gozag
Hepliaklqana
Kikubaaqudgha
Makhleb
Nemelex Xobeh
Okawaru
Qazlal
Ru
Sif Muna
Trog
Uskayaw
Vehumet
Wu Jian
Xom
Yredelemnul
Zin
The Shining One
Beogh
Jiyva

Shops:
D:11 (   D:12 !   Orc:2 ![?*

Annotations:
Swamp:1 1 runed translucent door
Swamp:2 1 runed translucent door, wakim's ghost, adept TrHu


Innate Abilities, Weirdness & Mutations

You are immune to sickness and miasma.
You are immune to poison.
Your flesh is very heat resistant. (rF++)
You are vulnerable to cold. (rC-)
You float through the air rather than walking.
You learn spells naturally, not from books.
Your magical power is your life essence.
You have superior vitality. (+4 HP)


Message History

You kill the bunyip!
Makhleb accepts your kill.
You feel better. (Press . to intensify the flame waves.)
The thorn hunter gestures.
Thorny briars emerge from the ground!
The thorn hunter is engulfed in blazing flames.
The spriggan air mage hits you.
The thorn hunter fires a volley of thorns at you.
The volley of thorns hits you!
Training target 7.0 for Evocations reached!
Your Evocations skill increases to level 7!
A wave of flame ripples out!
The flame wave engulfs the spriggan air mage!!
The spriggan air mage is burned terribly!
You kill the spriggan air mage!
Makhleb accepts your kill.
You feel better.
The flame wave engulfs the thorn hunter!!!
The thorn hunter is burned terribly!
The thorn hunter is severely damaged.
The thorn hunter fires a volley of thorns at you.
The volley of thorns hits you!!!
The tyrant leech is engulfed in blazing flames.
The thorn hunter fires a volley of thorns at you.
The volley of thorns hits you!!!
* * * LOW HITPOINT WARNING * * *
The tyrant leech is engulfed in a cloud of scalding steam.
A wave of flame ripples out!
The flame wave engulfs the tyrant leech!
The tyrant leech is heavily wounded.
The flame wave engulfs the thorn hunter!!
The thorn hunter is burned terribly!
The thorn hunter is almost destroyed.
* * * LOW HITPOINT WARNING * * *
You finish channelling waves of flame.
You hear a deafening roar!
The thorn hunter fires a volley of thorns at you.
The volley of thorns hits you!
You die...

♣♣≈♣♣ ♣≈♣♣≈≈ ♣♣.≈.♣
♣≈.♣≈≈ ## ♣♣♣
♣..≈.♣♣♣..≈≈≈ ♣♣.♣
♣♣.♣♣♣≈≈...♣♣♣≈≈≈≈
♣.≈.♣♣♣.♣.♣#≈≈≈.≈♣≈.≈≈≈≈
.≈≈≈.#..○..#≈§≈≈≈§§≈≈†<.
.≈≈≈.§.§☼☼.♣≈≈≈...♣.(...
.≈≈≈.§..☼..#.≈≈≈♣♣♣>≈.).
.≈≈≈[§§@§.§♣..≈.≈.†≈≈≈..
♣≈≈P○§wf#..♣≈≈≈≈†..<≈♣♣♣
.≈f≈.§.#.#.≈PP≈.....≈♣ ♣
♣§≈≈§○..#..♣P♣≈≈....≈♣
.≈≈≈.♣♣.♣.♣♣≈..≈≈.≈≈.♣♣
.≈≈≈.#..♣..♣≈..♣...≈..♣♣
.≈≈≈ #.♣♣♣.#..♣♣♣♣...≈≈≈
.≈≈≈ ♣..♣..#≈♣♣ ♣♣≈≈..≈
#♣.♣.♣#≈. ♣♣♣≈≈.


You could see 2 thorn hunters and a tyrant leech.

Vanquished Creatures
  Jorgrun (Orc:2)
  A frost giant (IceCv)
  4 bunyips
  A dire elephant (Lair:6)
  2 eleionomae (Swamp:3)
  Josephine (D:13)
  5 hydras
  Harold (D:10)
  A spriggan air mage (Swamp:3)
  5 boulder beetles
  A rakshasa (D:13)
  Erica (D:10)
  A ghost crab (Swamp:3)
  A catoblepas (Lair:4)
  3 two-headed ogres
  5 centaur warriors
  The ghost of sn0wgr3 the Fighter, a novice MiFi of Uskayaw (D:8)
  7 alligators
  7 death yaks
  7 orc high priests (Orc:2)
  7 spriggans
  A spriggan druid (Swamp:3)
  A bog body (Swamp:3)
  5 lindwurms
  Pikel (D:7)
  3 swamp dragons (Swamp:3)
  An oklob plant (Lair:5)
  2 ugly things
  A necromancer (Lair:6)
  3 manticores
  2 cyclopes
  5 will-o-the-wisps (Swamp:3)
  An orc sorcerer (Orc:2)
  7 black mambas
  A moth of wrath (D:12)
  A centaur zombie (D:10)
  10 elephants (Lair:6)
  A gargoyle (D:11)
  2 unseen horrors (D:11)
  9 cane toads
  7 rime drakes
  4 komodo dragons
  A kobold demonologist (D:13)
  2 ice devils (Orc:1)
  2 tengu conjurers (D:14)
  2 bloated husks (Swamp:1)
  2 meliai (D:13)
  3 tyrant leeches
  6 trolls
  Prince Ribbit (Lair:1)
  A queen bee (D:10)
  8 polar bears
  21 blink frogs
  6 hornets
  7 slime creatures
  3 wraiths
  4 wyverns
  A tarantella (shapeshifter) (D:13)
  63 yaks
  5 basilisks
  10 vampire mosquitoes
  Menkaure (D:6)
  A death yak simulacrum (Lair:6)
  4 wargs
  2 spectral cane toads (Lair:6)
  5 swamp worms
  16 water moccasins
  A two-headed ogre zombie (D:10)
  2 black bears
  14 orc warriors
  2 ice beasts (D:7)
  5 ogres
  A sky beast (D:6)
  30 wolves
  2 necrophages
  An elephant zombie (Lair:6)
  12 centaurs
  3 phantoms
  2 kobold brigands
  A gnoll sergeant (D:7)
  14 bullfrogs
  A cane toad simulacrum (Lair:6)
  A scorpion (D:4)
  17 killer bees
  A howler monkey (D:7)
  6 electric eels
  3 lava snakes (Lair:3)
  3 bullfrog zombies (D:6)
  Crazy Yiuf (D:5)
  34 orc priests
  8 hounds
  3 jellies
  13 orc wizards
  2 iguanas (D:5)
  6 hell rats (Lair:5)
  2 killer bee zombies (D:8)
  7 ogre zombies (D:10)
  2 hound skeletons
  4 adders
  12 gnolls
  2 shadow imps (D:6)
  A white imp (D:8)
  6 worms
  A dart slug (D:3)
  76 orcs
  8 endoplasms
  2 giant cockroaches
  5 goblins
  5 hobgoblins
  A quokka (D:4)
  3 ball pythons
  5 bats
  4 frilled lizards
  3 goblin skeletons (D:10)
  3 goblin zombies (D:10)
  2 hobgoblin skeletons (D:10)
  3 hobgoblin zombies (D:10)
  12 kobolds
  3 orc skeletons (D:10)
  11 orc zombies (D:10)
  26 rats
  A briar patch (Swamp:3)
  A butterfly (Lair:6)
708 creatures vanquished.

Vanquished Creatures (collateral kills)
  2 tentacled monstrosities (Swamp:3)
  2 thorn hunters
  2 hydras (D:13)
  4 alligators
  2 centaur warriors
  A two-headed ogre (D:13)
  2 tengu warriors (D:13)
  An orc high priest (Orc:2)
  4 goliath frogs
  A spriggan druid (Swamp:1)
  A swamp dragon (Swamp:3)
  A bog body (Swamp:2)
  A deep elf pyromancer (D:13)
  An ugly thing (D:13)
  A manticore (D:13)
  An ice statue (IceCv)
  2 efreet (D:13)
  A meliai (D:13)
  3 tyrant leeches
  2 hornets
  A spriggan (Swamp:2)
  3 vampire mosquitoes (Swamp:1)
  5 swamp worms
  An orc warrior (Orc:2)
  A swamp drake (Swamp:1)
  A centaur (D:13)
  7 killer bees (D:10)
  An orc priest (Orc:2)
  A worm (D:10)
  2 orcs (Orc:2)
  13 briar patches (Swamp:3)
  11 foxfires
82 creatures vanquished.

Vanquished Creatures (others)
  An orc high priest (Orc:2)
  A goliath frog (Swamp:1)
  A cyclops (Orc:2)
  A bloated husk (Swamp:1)
  A centaur (D:14)
  2 orc priests (Orc:2)
  An orc wizard (Orc:2)
  3 orcs (Orc:2)
  A briar patch (Swamp:3)
  A bush (Lair:4)
  1860 foxfires
  23 fungi
  41 plants
  8 snaplasher vines
  14 withered plants (Lair:6)
1959 creatures vanquished.

Grand Total: 2749 creatures vanquished

Notes
Turn   | Place    | Note
-------+----------+-------------------------------------------
     0 | D:1      | Turgor the Djinni Fire Elementalist began the quest for the
                  | Orb.
     0 | D:1      | Reached XP level 1. HP: 15/15 MP: 0/0
   203 | D:1      | Reached XP level 2. HP: 22/22 MP: 0/0
  1045 | D:2      | Reached skill level 1 in Fighting
  1045 | D:2      | Reached XP level 3. HP: 22/27 MP: 0/0
  1045 | D:2      | Learned a level 1 spell: Sandblast
  2012 | D:3      | Reached XP level 4. HP: 26/32 MP: 0/0
  2756 | D:4      | Identified the +6 quarterstaff of Growth {vorpal, +Blink
                  | rElec rC+ Int-3}
  2882 | D:4      | Identified the ring "Raek" {Drain rC+ AC+4 Int+5}
  2927 | D:4      | Reached skill level 2 in Fighting
  2927 | D:4      | Reached XP level 5. HP: 36/38 MP: 0/0
  2927 | D:4      | Learned a level 2 spell: Poisonous Vapours
  2951 | D:4      | Noticed a necrophage
  2985 | D:4      | Killed a necrophage
  2986 | D:4      | Reached XP level 6. HP: 39/45 MP: 0/0
  3329 | D:4      | Reached skill level 3 in Fighting
  3448 | D:4      | Reached XP level 7. HP: 41/50 MP: 0/0
  3448 | D:4      | Learned a level 2 spell: Call Imp
  3847 | D:4      | Found a snail-covered altar of Cheibriados.
  3880 | D:4      | Found a bloodstained altar of Trog.
  3880 | D:4      | Found a shimmering altar of Xom.
  3882 | D:4      | Found a basalt altar of Yredelemnul.
  3882 | D:4      | Found a shadowy altar of Dithmenos.
  3882 | D:4      | Found a bloodstained altar of Trog.
  3968 | D:5      | Entered Level 5 of the Dungeon
  3988 | D:5      | Reached skill level 5 in Spellcasting
  4061 | D:5      | Reached skill level 4 in Fighting
  4297 | D:5      | Found a runed translucent door.
  4298 | D:5      | Noticed Crazy Yiuf
  4303 | D:5      | Killed Crazy Yiuf
  4534 | D:5      | Reached XP level 8. HP: 52/58 MP: 0/0
  4886 | D:6      | Found a stormy altar of Qazlal.
  4911 | D:6      | Noticed Menkaure
  4916 | D:6      | Killed Menkaure
  4917 | D:6      | Reached skill level 5 in Fighting
  4991 | D:6      | Noticed a wyvern
  4994 | D:6      | Killed a wyvern
  4995 | D:6      | Reached skill level 1 in Armour
  5206 | D:6      | Reached XP level 9. HP: 36/65 MP: 0/0
  5206 | D:6      | Learned a level 4 spell: Passage of Golubria
  5698 | D:6      | Found a broken altar of Ashenzari.
  6228 | D:7      | Found a glowing silver altar of Zin.
  6229 | D:7      | Found an opulent altar of Gozag.
  6280 | D:7      | Reached skill level 1 in Staves
  6347 | D:7      | Noticed Pikel
  6357 | D:7      | Killed Pikel
  6358 | D:7      | Reached skill level 6 in Fighting
  6570 | D:7      | Found a shadowy altar of Dithmenos.
  6596 | D:7      | Reached skill level 5 in Dodging
  6603 | D:7      | Reached XP level 10. HP: 46/73 MP: 0/0
  7006 | D:7      | Found a staircase to the Ecumenical Temple.
  7012 | Temple   | Entered the Ecumenical Temple
  7126 | Temple   | Became a worshipper of Makhleb the Destroyer
  7478 | D:8      | Identified the +2 pair of gloves of Disguise {Int+3}
  7716 | D:8      | Found a large runed translucent door.
  7717 | D:8      | Found a large runed translucent door.
  7718 | D:8      | Noticed sn0wgr3's ghost (novice MiFi)
  7718 | D:8      | Noticed a centaur warrior
  7730 | D:8      | Killed a centaur warrior
  7734 | D:8      | Reached skill level 7 in Fighting
  8001 | D:8      | Noticed a cyclops
  8370 | D:9      | Reached * piety under Makhleb
  8436 | D:9      | Noticed a two-headed ogre
  8446 | D:9      | Killed a two-headed ogre
  8447 | D:9      | Reached skill level 5 in Armour
  8523 | D:9      | Noticed a lindwurm
  8523 | D:9      | Noticed a lindwurm
  8533 | D:9      | Noticed a lindwurm
  8537 | D:9      | Noticed a lindwurm
  8580 | D:9      | Killed a lindwurm
  8581 | D:9      | Reached XP level 11. HP: 41/79 MP: 0/0
  8581 | D:9      | Learned a level 4 spell: Ice Form
  8598 | D:9      | Killed a lindwurm
  8764 | D:9      | Killed a lindwurm
  8775 | D:9      | Killed a lindwurm
  8997 | D:9      | Identified the +6 hunting sling of the Shark {flame, +Blink
                  | rF+ rC+ Stlth-}
  9197 | D:9      | Reached skill level 8 in Fighting
  9553 | D:10     | Entered Level 10 of the Dungeon
  9669 | D:10     | Found a staircase to the Orcish Mines.
  9869 | D:10     | Reached ** piety under Makhleb
  9881 | D:10     | Reached skill level 5 in Staves
  9881 | D:10     | Reached skill level 1 in Slings
 10152 | D:10     | Noticed Harold
 10541 | D:10     | Killed Harold
 10839 | D:10     | Reached *** piety under Makhleb
 11031 | D:10     | Found a staircase to the Lair.
 11226 | D:10     | Noticed Erica
 11336 | D:10     | Killed Erica
 11337 | D:10     | Reached XP level 12. HP: 78/88 MP: 0/0
 11497 | Lair:1   | Entered Level 1 of the Lair of Beasts
 11534 | Lair:1   | Reached skill level 9 in Fighting
 12277 | Lair:1   | Noticed Prince Ribbit
 12310 | Lair:1   | Killed Prince Ribbit
 12599 | Lair:1   | Reached **** piety under Makhleb
 13017 | Lair:2   | Reached skill level 1 in Evocations
 13150 | Lair:2   | Noticed a boulder beetle
 13150 | Lair:2   | Found a staircase to the Swamp.
 13151 | Lair:2   | Reached skill level 10 in Fighting
 13152 | Lair:2   | Reached XP level 13. HP: 93/96 MP: 0/0
 13152 | Lair:2   | Learned a level 5 spell: Summon Forest
 13161 | Lair:2   | Killed a boulder beetle
 13161 | Lair:2   | Reached ***** piety under Makhleb
 13213 | Lair:2   | Reached skill level 5 in Slings
 13353 | Lair:2   | Reached skill level 10 in Spellcasting
 13955 | Lair:3   | Noticed an eight-headed hydra
 13977 | Lair:3   | Killed an eight-headed hydra
 14096 | Lair:3   | Found a staircase to the Snake Pit.
 14995 | Lair:4   | Noticed a catoblepas
 15039 | Lair:4   | Killed a catoblepas
 15040 | Lair:4   | Reached skill level 11 in Fighting
 15801 | Lair:5   | Noticed a seven-headed hydra
 15808 | Lair:5   | Killed a seven-headed hydra
 16062 | Lair:5   | Found an ornate altar of the Wu Jian Council.
 16063 | Lair:5   | Noticed a boulder beetle
 16073 | Lair:5   | Killed a boulder beetle
 16173 | Lair:5   | Found a hide-covered altar of Uskayaw.
 16173 | Lair:5   | Found a staircase to the Slime Pits.
 16173 | Lair:5   | Found a viscous altar of Jiyva.
 16322 | Lair:5   | Reached XP level 14. HP: 102/105 MP: 0/0
 16498 | Lair:5   | Reached ****** piety under Makhleb
 17276 | Lair:6   | Entered Level 6 of the Lair of Beasts
 17509 | Lair:6   | Reached skill level 5 in Evocations
 17748 | Lair:6   | Reached skill level 12 in Fighting
 18414 | Lair:6   | Noticed a dire elephant
 18832 | Lair:6   | Killed a dire elephant
 19233 | Lair:6   | Noticed a dire elephant
 19887 | D:8      | Killed sn0wgr3's ghost
 20282 | Orc:1    | Entered Level 1 of the Orcish Mines
 20558 | Orc:1    | Found a frozen archway.
 20620 | IceCv    | Entered an ice cave
 21063 | IceCv    | Reached skill level 13 in Fighting
 21133 | IceCv    | Reached XP level 15. HP: 108/114 MP: 0/0
 21133 | IceCv    | Learned a level 6 spell: Starburst
 21289 | IceCv    | Noticed a frost giant
 21306 | IceCv    | Killed a frost giant
 21592 | IceCv    | Found the +2 Maxwell's thermic engine {flame, freeze}
 22220 | Orc:2    | Entered Level 2 of the Orcish Mines
 22387 | Orc:2    | Noticed Jorgrun
 22401 | Orc:2    | Killed Jorgrun
 23106 | Orc:2    | Found Xeg Hosch's General Store.
 23106 | Orc:2    | Found Ufutiv's Magic Scroll Shoppe.
 23112 | Orc:2    | Bought a scroll of acquirement for 832 gold pieces
 23112 | Orc:2    | Bought a scroll of blinking for 120 gold pieces
 23112 | Orc:2    | Acquired the +9 arbalest "Killer Bee's Curse" {penet, Fly
                  | rC+}
 23235 | Orc:2    | Found a staircase to the Elven Halls.
 23269 | Orc:2    | Found Aplus's Antique Armour Boutique.
 23269 | Orc:2    | Found Vegeicar's Distillery.
 23279 | Orc:2    | Bought a crude cloak for 285 gold pieces
 23279 | Orc:2    | Identified the +0 cloak of the Enchanted Forest {rPois
                  | Int+2 Dex+4} (You bought it in a shop on level 2 of the
                  | Orcish Mines)
 23299 | Orc:2    | Bought a potion of invisibility for 120 gold pieces
 23671 | Orc:2    | Found a gateway to a bazaar.
 23725 | Bazaar   | Entered a bazaar
 23727 | Bazaar   | Found Heym's Magic Scroll Boutique.
 23731 | Bazaar   | Bought a scroll of magic mapping for 38 gold pieces
 23731 | Bazaar   | Bought a scroll of amnesia for 38 gold pieces
 23732 | Bazaar   | Found Madesoti's Weapon Boutique.
 23732 | Bazaar   | Found Nuciod Zaxt's Assorted Antiques.
 23732 | Bazaar   | Found Sokhluf's Magic Scroll Boutique.
 23770 | Bazaar   | Bought a scroll of identify for 20 gold pieces
 23770 | Bazaar   | Bought a scroll of identify for 20 gold pieces
 23770 | Bazaar   | Bought a scroll of blinking for 75 gold pieces
 23770 | Bazaar   | Bought a scroll of fear for 35 gold pieces
 23770 | Bazaar   | Bought a scroll of identify for 20 gold pieces
 23770 | Bazaar   | Bought a scroll of identify for 20 gold pieces
 23792 | Bazaar   | Bought a scroll of identify for 42 gold pieces
 23792 | Bazaar   | Bought a yellow potion for 18 gold pieces
 23792 | Bazaar   | Bought a scroll of identify for 42 gold pieces
 24214 | D:11     | Found Varphuw's Weapon Emporium.
 24455 | D:11     | Identified the +4 hand axe "Elops" {vorpal, rC- rN+++ Str+4
                  | Dex-3}
 24803 | D:12     | Found a bloodstained altar of Trog.
 24925 | D:12     | Found Mefusk's Distillery.
 24933 | D:12     | Bought a potion of cancellation for 136 gold pieces
 25651 | D:13     | Reached skill level 14 in Fighting
 25691 | D:13     | Reached XP level 16. HP: 85/123 MP: 0/0
 26768 | D:14     | Noticed Josephine
 26784 | D:13     | Killed Josephine
 27101 | Swamp:1  | Entered Level 1 of the Swamp
 27114 | Swamp:1  | Reached skill level 10 in Dodging
 27781 | Swamp:1  | Found a runed translucent door.
 27876 | Swamp:2  | Found a runed translucent door.
 27877 | Swamp:2  | Found a shimmering altar of Xom.
 27877 | Swamp:2  | Noticed wakim's ghost (adept TrHu)
 27877 | Swamp:2  | Identified the +3 scimitar of Kunemp {chaos, rF+ Str+2}
 28003 | Swamp:2  | Noticed a thorn hunter
 28004 | Swamp:2  | Killed a thorn hunter
 28185 | Swamp:2  | You are sucked into a shaft and drop 1 floor!
 28589 | Swamp:3  | Reached XP level 17. HP: 109/130 MP: 0/0
 28589 | Swamp:3  | Learned a level 7 spell: Malign Gateway
 28695 | Swamp:3  | Noticed a tentacled monstrosity
 28702 | Swamp:3  | Reached skill level 15 in Fighting
 28772 | Swamp:3  | Killed a tentacled monstrosity
 28790 | Swamp:3  | Noticed a thorn hunter
 28793 | Swamp:3  | Noticed a tentacled monstrosity
 28807 | Swamp:3  | Killed a thorn hunter
 28808 | Swamp:3  | Killed a tentacled monstrosity
 28867 | Swamp:3  | Noticed a thorn hunter
 28873 | Swamp:3  | Noticed a thorn hunter
 28877 | Swamp:3  | Killed from afar by a thorn hunter

Illustrated notes

Levels and vault maps discovered:
D:1:      saegor_arrival_simple_e, layout_loops_ring, nicolae_figureground_pulse
D:2:      layout_basic, serial_aquarium, aquarium_bridge_island_small
          [aquarium_subvault_small_open, aquarium_subvault_balcony,
          aquarium_subvault_bridge, aquarium_subvault_window,
          aquarium_subvault_window], aquarium_window_fake, aquarium_window_fake,
          aquarium_view_2b, aquarium_view_2c
D:3:      layout_basic
D:4:      layout_rooms, doesnt_xom_only_xom, serial_corexii_hall,
          chequers_hall_statues_wall_a, chequers_hall_statues_y,
          corexii_hall_statues_s, chequers_hall_statues_wall_a, minmay_rat_hole
D:5:      layout_rooms, serial_corexii_hall, corexii_hall_statues_i,
          corexii_hall_statues_x, minmay_misc_feat_tiny, uniq_crazy_yiuf_cottage
D:6:      layout_loops_ring, mainiacjoe_overflow_brackets,
          mainiacjoe_overflow_tiny_flanked, uniq_menkaure
D:7:      layout_cave_pools, grunt_temple_overflow_gold_and_silver,
          nicolae_dithmenos_the_darkroom, minmay_temple_entry_enclosed_plants,
          serial_bayou_crossing, uniq_pikel
D:8:      layout_rooms, ebering_ghost_disaster_area, kennysheep_generic_room_2
D:9:      layout_basic, minmay_lindwurm_lava
D:10:     layout_roguey, erik_lair_island, zombieorc2_lemuel, hive_lemuel,
          uniq_harold, uniq_erica
D:11:     layout_cave_pools, serial_shops, nicolae_shop_bloodbath_and_beyond
D:12:     layout_gridville, serial_shops, shop, tgw_trog
D:13:     kennysheep_room_grid, layout_basic
D:14:     layout_rooms, skrybe_vaults_entry_preservation,
          gauntlet_entry_generic, palyth_stone_intersect, serial_undead,
          serial_undead_b, serial_undead_e, serial_undead_c, serial_undead_c,
          serial_undead_a, serial_undead_d, uniq_josephine
Temple:   regret_index_temple_sphere_string
Lair:1:   layout_hall_layers, beast_lair_carwin_9, uniq_prince_ribbit2
Lair:2:   layout_hall_layers, minmay_swamp_entry_swarm,
          infiniplex_staircase_pool_2
Lair:3:   layout_gridlike, dummy_snake_entry, st_stairs_5,
          nicolae_lair_liquid_snakes
Lair:4:   layout_loops_ring
Lair:5:   layout_regular_city, slime_altar_1, nzn_masters_of_martial_movement
Lair:6:   due_jungle_book, layout_misc_corridors, grunt_forest_small_clearings,
          nicolae_quartered_pool_impasse, lemuel_fruit_fields, lemuel_fruit_tree
Swamp:1:  gammafunk_mikee_crab_dinner, layout_falls_marsh,
          evilmike_swamp_ruin_rubble_2
Swamp:2:  layout_falls_marsh, ebering_ghost_xom, evilmike_swamp_ruin_house_5,
          swamp_pool4
Swamp:3:  nzn_winding_woodlands_three_and_one [nzn_winding_woodlands_5x15_eye,
          nzn_winding_woodlands_5x15_river_crossing,
          nzn_winding_woodlands_5x15_twine,
          nzn_winding_woodlands_center_pierced_h], layout_falls_marsh,
          evilmike_swamp_ruin_house_3
Orc:1:    layout_diamond_mine, portal_ice_cave_demonic_guard
Orc:2:    st_orc_town, layout_caves, serial_shops, freezing_bzr, mines1_david,
          uniq_jorgrun

Skill      XL: |  1  2  3  4  5  6  7  8  9 10 11 12 13 14 15 16 17 |
---------------+----------------------------------------------------+-----
Fighting       | 1 2 3 4 5 6 7 8 10 11 13 14 15 | 15.1
Spellcasting   | 3 4 5 6 7 8 9 10 11 12 13 | 13.2
Dodging        | 3 5 6 7 9 10 | 10.7
Armour         | 1 3 5 6 7 8 |  8.9
Staves         | 2 4 5 7 8 9 |  9.1
Slings         | 2 4 6 7 8 |  8.0
Evocations     | 2 4 5 6 7 |  7.0
Stealth        | |  1.5

Action                   |  1- 3 |  4- 6 |  7- 9 | 10-12 | 13-15 | 16-18 || total
-------------------------+-------+-------+-------+-------+-------+-------++-------
Melee: Mace              |     7 |       |       |       |       |       ||     7
       Quarterstaff      |       |     2 |    32 |    48 |    93 |     9 ||   184
       Unarmed           |       |       |       |     7 |       |       ||     7
 Fire: Hunting sling     |       |     4 |     2 |     2 |    16 |    15 ||    39
Throw: Dart              |       |       |       |       |       |     1 ||     1
 Cast: Foxfire           |    45 |    46 |   114 |   340 |   471 |    54 ||  1070
       Sandblast         |     2 |     1 |       |       |     1 |       ||     4
       Conjure Flame     |       |     3 |       |    11 |     1 |       ||    15
       Scorch            |       |     3 |    56 |    95 |   213 |    77 ||   444
       Poisonous Vapours |       |       |     2 |     4 |    31 |     5 ||    42
       Call Imp          |       |       |     1 |       |       |     3 ||     4
       Ice Form          |       |       |       |     1 |     1 |       ||     2
       Passage of Golubr |       |       |       |     1 |       |       ||     1
       Flame Wave        |       |       |       |    17 |   131 |    36 ||   184
       Summon Forest     |       |       |       |       |     5 |    31 ||    36
       Starburst         |       |       |       |       |     9 |       ||     9
Invok: Lesser Servant of |       |       |       |       |     2 |       ||     2
 Abil: Evoke Blink       |       |       |     1 |     6 |    14 |     8 ||    29
       End Transformatio |       |       |       |       |     1 |       ||     1
Evoke: Wand              |       |       |     1 |     1 |     5 |     5 ||    12
       Condenser vane    |       |       |       |     1 |     1 |       ||     2
  Use: Scroll            |     4 |       |     3 |     1 |    15 |     2 ||    25
       Potion            |       |       |     1 |     2 |     4 |     1 ||     8
 Stab: Distracted        |       |       |       |       |       |     1 ||     1
Armor: Robe              |     2 |       |     9 |    50 |    29 |       ||    90
       Skin              |       |       |       |       |    15 |       ||    15
       Leather armour    |       |       |       |       |    32 |       ||    32
       Troll leather arm |       |       |       |       |    36 |    48 ||    84
Dodge: Dodged            |     5 |     1 |    31 |   102 |   256 |   135 ||   530

Table legend: (Time is in decaauts)
 A = Elapsed time spent in this place.
 B = Non-inter-level travel time spent in this place.
 C = Inter-level travel time spent in this place.
 D = Time resting spent in this place.
 E = Time spent auto-exploring this place.
 F = Levels seen in this place.
 G = Mean time per level.
                   A        B        C        D        E       F      G
               +--------+--------+--------+--------+--------+-----+--------+
         Total |  28877 |  27229 |   1648 |   5916 |  13374 |  28 | 1031.3 |
       Dungeon |  14857 |  14017 |    840 |   2524 |   7882 |  14 | 1061.2 |
        Temple |    136 |    115 |     21 |      0 |     95 |   1 |  136.0 |
          Lair |   8563 |   8003 |    560 |   2297 |   3822 |   6 | 1427.2 |
         Swamp |   1555 |   1501 |     54 |     57 |    814 |   3 |  518.3 |
  Orcish Mines |   2532 |   2361 |    171 |    403 |    707 |   2 | 1266.0 |
        Bazaar |     88 |     88 |      0 |      0 |      0 |   1 |   88.0 |
      Ice Cave |   1143 |   1143 |      0 |    635 |     54 |   1 | 1143.0 |
               +--------+--------+--------+--------+--------+-----+--------+

Top non-repeatable levels by time:
  Lair:5: 1987 daAuts
  Lair:6: 1905 daAuts
    D:10: 1832 daAuts
     D:9: 1558 daAuts
  Lair:1: 1429 daAuts
     D:8: 1408 daAuts
    D:13: 1306 daAuts
   Orc:2: 1303 daAuts
  Lair:4: 1273 daAuts
     D:6: 1252 daAuts
   Orc:1: 1228 daAuts
     D:4: 1221 daAuts
   IceCv: 1143 daAuts
     D:7: 1082 daAuts
     D:1: 997 daAuts
